 Dungeon Crawl Stone Soup version 0.19-a0-53-ge6e6435 (webtiles) character file.

35744 Zhenya25pyc the Basher (level 13, -8/84 HPs)
             Began as a Gargoyle Fighter on May 7, 2016.
             Was the Champion of Okawaru.
             Mangled by an earth elemental (19 damage)
             ... summoned by a deep elf mage
             ... on level 15 of the Dungeon on May 8, 2016.
             The game lasted 01:03:40 (17896 turns).

Zhenya25pyc the Basher (Gargoyle Fighter)          Turns: 17896, Time: 01:03:41

Health: -8/84      AC: 40    Str: 29    XL:     13   Next: 85%
Magic:  4/6        EV: 13    Int: 11    God:    Okawaru [******]
Gold:   740        SH: 14    Dex: 10    Spells: 0 memorised, 12 levels left

rFire  + . .     SeeInvis .     B - +4 long sword of Dahoimuo {antimagic, Stlth+}
rCold  . . .     Gourm    .     C - +3 chain mail {rF+}
rNeg   + . .     Faith    .     c - +0 shield
rPois  ∞         Spirit   .     (no helmet)
rElec  +         Dismiss  .     I - +0 cloak
rCorr  .         Reflect  .     N - +0 pair of gloves {Str+3}
SustAt .         Harm     .     r - +2 pair of boots
MR     ++...     Rnd*Rage +     K - amulet of regeneration
Stlth  ++........               j - ring of protection from magic
                                q - ring of protection from magic

@: heroism, very resistant to hostile enchantments, unstealthy
A: iridescent scales 1, slimy green scales 1, camouflage 1, berserk 2, clever 1,
negative energy resistance 1, sense surroundings 1, shaggy fur 1, electricity
resistance, strong 1, unbreathing, petrification resistance, rot immunity,
subdued magic 1, AC +9
a: Heroism, Finesse, Renounce Religion


You were on level 15 of the Dungeon.
You worshipped Okawaru.
Okawaru was exalted by your worship.
You were very hungry.

You visited 1 branch of the dungeon, and saw 15 of its levels.
You also visited: Labyrinth and Sewer.

You collected 1105 gold pieces.
You spent 365 gold pieces at shops.

Inventory:

Hand Weapons
 B - the +4 long sword of Dahoimuo (weapon) {antimagic, Stlth+}
   (You took it off a tengu warrior on level 13 of the Dungeon)

   It disrupts the flow of magical energy around spellcasters and certain
   magical creatures (including the wielder).
   It makes you more stealthy.
Armour
 a - the +5 ring mail "Yffoenuf" {Regen+ rCorr Str-5 Int+8, unknown}
   (Okawaru gifted it to you on level 15 of the Dungeon)

   It affects your strength (-5).
   It affects your intelligence (+8).
   It increases your rate of regeneration.
   It protects you from acid and corrosion.
 c - a +0 shield (worn)
 r - a +2 pair of boots (worn)
 C - a +3 chain mail of fire resistance (worn)
 I - a +0 cloak (worn)
 N - a +0 pair of gloves of strength (worn)
Jewellery
 j - a ring of protection from magic (right hand)
 q - a ring of protection from magic (left hand)
 K - an amulet of regeneration (around neck)
Scrolls
 e - 2 scrolls of teleportation
 g - 2 scrolls of enchant weapon
 l - 3 scrolls of magic mapping
 o - a scroll of blinking
 u - 4 scrolls of remove curse
 y - a scroll of recharging
 E - a scroll of enchant armour {unknown}
 G - a scroll of summoning
 J - a scroll of vulnerability
Potions
 d - 4 potions of might
 m - 6 potions of curing
 n - 2 potions of flight
 p - 3 potions of lignification
 t - a potion of heal wounds
 v - a potion of ambrosia
 x - 4 potions of haste
 H - a potion of resistance
Comestibles
 b - 9 royal jellies
 f - 9 bread rations
 h - 10 meat rations
 i - 4 beef jerkies


   Skills:
 + Level 11.2(16.2) Fighting
 * Level 5.7(10.7) Long Blades
   Level 12.3(17.3) Maces & Flails
 + Level 11.0(16.0) Armour
 + Level 5.8(10.8) Dodging
 - Level 10.5(15.5) Shields
 - Level 7.1 Invocations


You had 12 spell levels left.
You didn't know any spells.

Dungeon Overview and Level Annotations

Branches:
Dungeon (15/15)            Temple (0/1) D:5            Lair (0/8) D:10
    Orc (0/2) D:10         Vaults (0/5) D:14
 Depths: D:15

Altars:
Ashenzari
Fedhas
Kikubaaqudgha
Okawaru
Qazlal
Ru
Sif Muna
Vehumet
Xom
Yredelemnul

Shops:
D:7 [![?}

Annotations:
D:14 exclusion: Roxanne, Roxanne


Innate Abilities, Weirdness & Mutations

You are resistant to torment.
Your stone body is resilient (AC +9).
You are immune to poison.
You resist negative energy.
You are resistant to electric shocks.
You can survive without breathing.
You are immune to petrification.
You are immune to rotting.
You are partially covered in iridescent scales (AC +4).
You are partially covered in slimy green scales (AC +2).
Your skin changes colour to match your surroundings (Stealth).
You often lose your temper in combat.
Your mind is acute. (Int +2)
You passively map a small area around you.
You are covered in fur (AC +1).
Your muscles are strong. (Str +2)
Your spells are a little easier to cast, but a little less powerful.


Message History

You slash the white ugly thing!
You kill the white ugly thing!
Okawaru accepts your kill. Something appears at your feet!
Okawaru grants you a gift!
The earth elemental disappears in a puff of smoke!
The deep elf mage mumbles some strange words.
You block the earth elemental's attack.
a - a heavily runed ring mail {god gift} The white ugly thing pecks you but does no damage.
The earth elemental closely misses you.
You slice the white ugly thing!!
The white ugly thing is heavily wounded.
The deep elf mage gestures at you while chanting.
The bolt of magma hits the earth elemental.
The earth elemental partially resists.
The bolt of magma misses you.
The bolt of magma hits the white ugly thing.
You block the white ugly thing's attack.
The earth elemental hits you!!
You die...

.# , *
###u........ *...
###....#######
*#... ###...u...##
#..##.....#....##
........u###....##
,..##....##
##....## *
##..######.....##*
* ##.....###.<...#
* #.....u@Ee.....#
* #..#####E..E..##
, * #....*
######## *#..... *
* ........ * , ,
.E..##.... * *
..... *##... *
###.. #...


You could see a white ugly thing, 3 earth elementals and a deep elf mage.

Vanquished Creatures
  Agnes (D:14)
  Snorg (D:14)
  A minotaur (Lab)
  2 tengu warriors (D:13)
  An unseen horror (D:12)
  Pikel (D:7)
  2 wizards (D:14)
  2 hill giants
  3 deep elf magi (D:13)
  A manticore (D:13)
  3 cyclopes
  11 ugly things
  2 gargoyles
  3 kobold demonologists
  2 tengu conjurers (D:13)
  A queen bee (D:8)
  6 two-headed ogres
  Prince Ribbit (D:5)
  7 trolls
  3 slime creatures (D:13)
  2 redbacks (Lab)
  A vampire (D:14)
  13 yaks
  7 fire elementals (D:14)
  A human (shapeshifter) (D:13)
  3 hippogriffs
  A wyvern (D:10)
  A steam dragon (D:13)
  2 vampire mosquitoes (D:14)
  A hungry ghost (D:10)
  3 wargs (D:10)
  2 water moccasins
  Duvessa (D:5)
  4 orc warriors
  An eye of draining (D:9)
  A slave (D:7)
  Purgy (Sewer)
  2 ice beasts
  4 sky beasts
  3 phantoms
  3 necrophages
  A wasp (D:7)
  2 black bears
  8 ogres
  9 centaurs
  5 big kobolds
  Blork the orc (D:5)
  9 giant frogs
  An earth elemental (Lab)
  Dowan (D:5)
  7 scorpions
  33 killer bees
  5 wights (D:13)
  2 howler monkeys
  6 centaur zombies
  2 giant frog zombies
  8 crimson imps
  A quasit (D:7)
  6 centaur skeletons
  7 jellies
  4 hounds
  Crazy Yiuf (D:5)
  10 orc priests
  4 giant frog skeletons
  18 orc wizards
  Jessica (D:3)
  5 iguanas
  Natasha (thrice) (D:3)
  12 worker ants
  2 sheep (D:12)
  An ogre skeleton (Lab)
  A hound skeleton (D:9)
  10 adders
  A river rat (D:6)
  4 shadow imps
  An ooze (D:3)
  An adder zombie (D:9)
  2 worms
  2 adder skeletons
  A dart slug (D:1)
  5 giant geckos
  55 orcs
  2 ball pythons
  10 giant cockroaches
  6 hobgoblins
  6 jackals
  4 quokkas
  11 bats
  A giant cockroach zombie (D:5)
  6 giant newts
  8 goblins
  29 kobolds
  A quokka skeleton (D:5)
  7 rats
  A spectral orc (D:3)
  A fungus (D:5)
462 creatures vanquished.

Vanquished Creatures (collateral kills)
  An orc warrior (D:13)
  An orc (D:13)
2 creatures vanquished.

Vanquished Creatures (others)
  An ogre (D:7)
  A slave (D:7)
  A wight (D:13)
  2 orc wizards
5 creatures vanquished.

Grand Total: 469 creatures vanquished

Notes
Turn   | Place    | Note
--------------------------------------------------------------
     0 | D:1      | Zhenya25pyc the Gargoyle Fighter began the quest for the Orb.
     0 | D:1      | Reached XP level 1. HP: 14/14 MP: 1/1
   151 | D:1      | Reached XP level 2. HP: 19/19 MP: 2/2
   969 | D:2      | Reached XP level 3. HP: 23/23 MP: 3/3
  1131 | D:2      | Found an iron altar of Okawaru.
  1152 | D:2      | Became a worshipper of Warmaster Okawaru
  1618 | D:3      | Reached skill level 3 in Maces & Flails
  1642 | D:3      | Reached XP level 4. HP: 7/29 MP: 4/4
  1652 | D:3      | Reached XP level 5. HP: 10/33 MP: 5/5
  2348 | D:3      | Found a basalt altar of Yredelemnul.
  2435 | D:3      | Noticed Jessica
  2443 | D:3      | Killed Jessica
  2721 | D:3      | Noticed Natasha
  2726 | D:3      | Killed Natasha
  2726 | D:3      | Reached skill level 4 in Maces & Flails
  2726 | D:3      | Reached XP level 6. HP: 39/39 MP: 6/6
  2861 | D:3      | Noticed Natasha
  2869 | D:3      | Killed Natasha
  2886 | D:3      | Noticed Natasha
  2902 | D:3      | Killed Natasha
  3372 | D:4      | HP: 2/40 [ogre/giant club (11)]
  3375 | D:3      | Reached * piety under Okawaru
  3669 | D:4      | Reached skill level 5 in Fighting
  3783 | D:4      | Reached XP level 7. HP: 44/44 MP: 7/7
  3931 | D:4      | Reached skill level 5 in Maces & Flails
  3954 | D:4      | Reached skill level 5 in Armour
  3954 | D:4      | Reached skill level 5 in Shields
  4574 | D:4      | Reached XP level 8. HP: 50/50 MP: 8/8
  4971 | D:5      | Entered Level 5 of the Dungeon
  4978 | D:4      | Reached skill level 6 in Maces & Flails
  4996 | D:4      | HP: 2/51 [giant frog (6)]
  5316 | D:5      | Reached ** piety under Okawaru
  5539 | D:5      | Reached skill level 7 in Maces & Flails
  5543 | D:5      | Gained mutation: You are partially covered in iridescent scales (AC +4). [mutagenic meat]
  5544 | D:5      | Gained mutation: You are frail (-10% HP). [mutagenic meat]
  5545 | D:5      | Gained mutation: Your skin changes colour to match your surroundings (Stealth). [mutagenic meat]
  5546 | D:5      | Gained mutation: You tend to lose your temper in combat. [mutagenic meat]
  5551 | D:5      | Noticed Blork the orc
  5553 | D:5      | Found a staircase to the Ecumenical Temple.
  5567 | D:5      | Killed Blork the orc
  5578 | D:5      | Noticed Prince Ribbit
  5593 | D:5      | Killed Prince Ribbit
  5593 | D:5      | Reached XP level 9. HP: 30/50 MP: 9/9
  5850 | D:5      | Noticed Duvessa
  5850 | D:5      | Noticed Dowan
  5864 | D:5      | Killed Duvessa
  5869 | D:5      | Killed Dowan
  5869 | D:5      | Reached *** piety under Okawaru
  6187 | D:5      | Noticed Crazy Yiuf
  6193 | D:5      | Killed Crazy Yiuf
  6488 | D:6      | Found a glowing drain.
  6492 | Sewer    | Entered a sewer
  6541 | Sewer    | Noticed Purgy
  6554 | Sewer    | Killed Purgy
  6695 | D:6      | Reached skill level 8 in Maces & Flails
  7073 | D:7      | Found Rozy's Armour Shoppe.
  7120 | D:7      | Bought a +0 pair of gloves of strength for 172 gold pieces
  7175 | D:7      | Found Pocrae's Magic Scroll Boutique.
  7179 | D:7      | Found Reiv's Gadget Shop.
  7182 | D:7      | Bought a scroll of identify for 26 gold pieces
  7182 | D:7      | Bought a scroll of identify for 26 gold pieces
  7182 | D:7      | Bought a scroll of identify for 26 gold pieces
  7182 | D:7      | Bought a scroll of teleportation for 39 gold pieces
  7213 | D:7      | Bought a scroll of remove curse for 39 gold pieces
  7247 | D:7      | Found Fapiq's Distillery.
  7272 | D:7      | Reached **** piety under Okawaru
  7298 | D:7      | Found an iron altar of Okawaru.
  7299 | D:7      | Found a shimmering altar of Xom.
  7299 | D:7      | Found an ancient bone altar of Kikubaaqudgha.
  7299 | D:7      | Found a radiant altar of Vehumet.
  7300 | D:7      | Found a stormy altar of Qazlal.
  7303 | D:7      | Found a blossoming altar of Fedhas.
  7304 | D:7      | Found a shattered altar of Ashenzari.
  7348 | D:7      | Found a sacrificial altar of Ru.
  7392 | D:7      | Found a deep blue altar of Sif Muna.
  7460 | D:7      | Noticed Pikel
  7477 | D:7      | Killed Pikel
  7477 | D:7      | Reached skill level 9 in Maces & Flails
  7477 | D:7      | Reached XP level 10. HP: 56/57 MP: 10/10
  7496 | D:7      | Found Nudul's Antique Armour Shop.
  7683 | D:8      | Noticed a kobold demonologist
  7700 | D:7      | Killed a kobold demonologist
  7732 | D:7      | HP: 1/57 [orc warrior/short sword (7)]
  7944 | D:8      | Reached ***** piety under Okawaru
  8139 | D:7      | Bought a potion of mutation for 37 gold pieces
  8139 | D:7      | Gained mutation: You often lose your temper in combat. [potion of mutation]
  8139 | D:7      | Gained mutation: You are weak. (Str -2) [potion of mutation]
  8140 | D:7      | Lost mutation: You are weak. (Str -2) [potion of mutation]
  8477 | D:8      | Reached skill level 1 in Dodging
  8477 | D:8      | Reached skill level 1 in Invocations
  8825 | D:8      | Noticed a hill giant
  8835 | D:8      | Killed a hill giant
  8835 | D:8      | Reached skill level 10 in Maces & Flails
  9084 | D:9      | Received a gift from Okawaru
  9093 | D:9      | Reached XP level 11. HP: 62/62 MP: 12/12
  9332 | D:9      | Found a blossoming altar of Fedhas.
  9768 | D:10     | Entered Level 10 of the Dungeon
  9818 | D:10     | Received a gift from Okawaru
 10279 | D:10     | Found a staircase to the Lair.
 10419 | D:10     | Gained mutation: You are covered in fur (AC +1). [mutagenic meat]
 10421 | D:10     | Gained mutation: Your spells are a little easier to cast, but a little less powerful. [mutagenic meat]
 10422 | D:10     | Lost mutation: You are frail (-10% HP). [mutagenic meat]
 10423 | D:10     | Gained mutation: Your mind is acute. (Int +2) [mutagenic meat]
 10440 | D:10     | Found a staircase to the Orcish Mines.
 10781 | D:10     | Reached skill level 11 in Maces & Flails
 11459 | D:11     | Found a labyrinth entrance.
 11470 | Lab      | Entered a labyrinth
 12720 | Lab      | Noticed a minotaur
 12739 | Lab      | Killed a minotaur
 13063 | D:11     | Noticed a cyclops
 13076 | D:11     | Reached skill level 5 in Invocations
 13084 | D:11     | Killed a cyclops
 13347 | D:12     | Gained mutation: You passively map a small area around you. [mutagenic meat]
 13348 | D:12     | Gained mutation: Your muscles are strong. (Str +2) [mutagenic meat]
 13349 | D:12     | Gained mutation: Scrolls take you a little longer to read. [mutagenic meat]
 13404 | D:12     | Reached XP level 12. HP: 62/76 MP: 15/15
 13659 | D:12     | Gained mutation: You are partially covered in slimy green scales (AC +2). [mutagenic meat]
 13752 | D:12     | Lost mutation: Scrolls take you a little longer to read. [potion of mutation]
 14697 | D:13     | Reached ****** piety under Okawaru
 14697 | D:13     | Reached skill level 10 in Fighting
 14829 | D:13     | Reached skill level 10 in Shields
 14908 | D:13     | Found a blossoming altar of Fedhas.
 14922 | D:13     | Noticed a tengu warrior
 14934 | D:13     | Reached skill level 12 in Maces & Flails
 14954 | D:13     | Killed a tengu warrior
 14954 | D:13     | Received a gift from Okawaru
 15143 | D:13     | Noticed a tengu warrior
 15143 | D:13     | Reached skill level 10 in Armour
 15162 | D:13     | Killed a tengu warrior
 15175 | D:13     | Got a crude long sword {antimagic}
 15201 | D:13     | Gained mutation: Your mind is very acute. (Int +4) [mutagenic meat]
 15202 | D:13     | Lost mutation: Your mind is very acute. (Int +4) [mutagenic meat]
 15203 | D:13     | Gained mutation: Your flesh is heat resistant. [potion of mutation]
 15203 | D:13     | Lost mutation: Your flesh is heat resistant. [potion of mutation]
 15275 | D:13     | Identified the +4 long sword of Dahoimuo {antimagic, Stlth+} (You took it off a tengu warrior on level 13 of the Dungeon)
 15682 | D:13     | Reached skill level 1 in Long Blades
 15682 | D:13     | Reached XP level 13. HP: 66/83 MP: 5/17
 16412 | D:14     | Noticed Roxanne
 16422 | D:14     | Noticed Agnes
 16622 | D:14     | Killed Agnes
 17071 | D:14     | Reached skill level 5 in Dodging
 17087 | D:14     | Found a gate to the Vaults.
 17112 | D:14     | Received a gift from Okawaru
 17140 | D:14     | Noticed Snorg
 17171 | D:14     | Killed Snorg
 17171 | D:14     | Received a gift from Okawaru
 17574 | D:14     | Reached skill level 5 in Long Blades
 17737 | D:15     | Entered Level 15 of the Dungeon
 17894 | D:15     | Received a gift from Okawaru
 17895 | D:15     | Got a heavily runed ring mail {god gift}
 17896 | D:15     | Mangled by an earth elemental

Vault maps used:
D:1:      dpeg_chamrin_arrival_tetris, minmay_misc_feat_cross
D:2:      okawaru_metal_pillars_3
D:3:      yredelemnul_forgotten_temple_becter, nrook_uturn, uniq_jessica,
          uniq_natasha
D:5:      temple_doors_e, first_bread, uniq_crazy_yiuf_cottage,
          uniq_prince_ribbit1, uniq_duvessa, uniq_blork_the_orc
D:6:      gup_sewer_entry_spiral
D:7:      minitemple, nicolae_ru_sacrificial_ziggurat, tgw_sif, serial_shops,
          nicolae_shop_waterfront, shop, shop_statue, shop,
          nicolae_shop_statue_plus, uniq_pikel
D:8:      david_nohive_1
D:9:      basic_altar
D:10:     erik_lair_orcish_takeover, orc_0_dummy
D:11:     lab_entry_generic, nooodl_food_tri
D:13:     basic_altar
D:14:     david_vaults_1, minmay_strange_pillars,
          minmay_guarded_unrand_flaming_death, uniq_snorg, uniq_roxanne,
          uniq_agnes
D:15:     grunt_enter_depths_snipers, nicolae_benzene_ring,
          nrook_guardian_serpent_ordinary
Lab:      nicolae_lab_do_over, nicolae_lab_statue, nicolae_lab_swirl,
          nicolae_lab_x
Sewer:    sewer_big_baddie

Skill      XL: |  1  2  3  4  5  6  7  8  9 10 11 12 13 |
---------------+----------------------------------------+-----
Maces & Flails | 3 4 5 7 9 10 11 12 | 12.3
Fighting       | 4 5 6 7 8 9 10 11 | 11.2
Shields        | 4 5 6 7 8 9 10 | 10.5
Armour         | 4 5 6 7 8 9 10 11 | 11.0
Dodging        | 1 3 4 5 |  5.8
Invocations    | 2 5 6 7 |  7.1
Long Blades    | 1 5 |  5.7

Action                   |  1- 3 |  4- 6 |  7- 9 | 10-12 | 13-15 || total
-------------------------+-------+-------+-------+-------+-------++-------
Melee: Flail             |   129 |   136 |   581 |  1190 |       ||  2036
       Long sword        |       |       |       |    74 |   562 ||   636
Invok: Heroism           |       |       |       |    11 |     5 ||    16
  Use: Scroll            |       |       |    15 |    14 |     2 ||    31
       Potion            |       |       |       |     5 |       ||     5
 Stab: Sleeping          |       |       |     3 |     2 |       ||     5
  Eat: Chunk             |     2 |    17 |    21 |    53 |     8 ||   101
       Beef jerky        |       |       |       |     3 |       ||     3
       Meat ration       |       |       |       |     1 |       ||     1
       Fruit             |       |       |       |     1 |     1 ||     2
       Pizza             |       |       |       |       |     2 ||     2
Armor: Scale mail        |    55 |    59 |   124 |       |       ||   238
       Ring mail         |       |       |   170 |   309 |       ||   479
       Chain mail        |       |       |       |   542 |   424 ||   966
Dodge: Dodged            |    49 |    30 |   135 |   532 |   298 ||  1044
Block: Shield            |    59 |    59 |   311 |  1019 |   513 ||  1961
